Unix NetHack Version 5.0.0-0 post-release - last build May  4 2026 22:22:43 (774f63e81ad911689b3a0859ea89b322d5daca8d,branch:main).

Game began 2026-05-08 12:53:15, ended 2026-05-08 14:27:44.

01245990302, neutral male gnomish Wizard

                                    ----------
                                    |........|
                ----------------    |[.......|
               #................####..........####        --------------
               #|(o!...........|    -----.-.--   #####    |............|
               #.@)............|         #           #####|............|
               #-.---|----------     #####               #.............|
                 #                  ##                    |......<.....|
                 #                 ##                     |............|
                 #                ##                      --------------
                 #          ------.--.-----
                 ##         |.............|
                  #         |..........(..|
                  #         |........(....|
                --.--      #-....>........|
                |...|      #|.............+
                |...|#######---------------
                |..^-#
                -----

01245990302 the Conjurer  St:12 Dx:15 Co:12 In:19 Wi:9 Ch:10  Neutral
Dlvl:2  $:5  HP:0(32) Pw:43(43) AC:9  Xp:4 T:946  Fainted  Deaf

Latest messages:
 The newt bites!
 The newt bites!
 The newt bites!
 The newt bites!
 You regain consciousness.
 You kill the newt!
 You can hear again.
 There is a doorway here.
 You see here a newt corpse.
 There is a newt corpse here; eat it? [ynq] (n) y
 This newt corpse is fatty.
 You are still weak.
 You finish eating the newt corpse.
 You faint from lack of food.
 The cave spider bites!
 The cave spider bites!
 The cave spider bites!
 You regain consciousness.
 You can hear again.
 You miss the cave spider.
 The cave spider bites!
 You miss the cave spider.
 The cave spider just misses!
 You miss the cave spider.
 The cave spider bites!
 You kill the cave spider!
 You faint from lack of food.
 You regain consciousness.
 You faint from lack of food.
 The iguana bites!
 The iguana bites!
 The goblin throws a crude dagger!
 The crude dagger hits the iguana.
 The iguana bites!
 You regain consciousness.
 You kill the iguana!
 The goblin hits!
 You see here a crude dagger.
 The goblin hits!
 You faint from lack of food.
 The goblin hits!
 The goblin hits!
 The goblin hits!
 The goblin hits!
 You die...
 Do you want your possessions identified? [ynq] (y) y
 Do you want to see your attributes? [ynq] (y) y
 Do you want an account of creatures vanquished? [ynaq] (y) y
 Do you want to see your conduct and achievements? [ynq] (y) y
 Do you want to see the dungeon overview? [ynq] (y) y

Inventory:
 Coins    ('$')
  $ - 5 gold pieces
 Weapons  (')')
  a - a blessed +1 quarterstaff (weapon in hands)
 Armor    ('[')
  b - an uncursed +0 cloak of magic resistance (being worn)
 Scrolls  ('?')
  j - 2 uncursed scrolls of enchant armor
  i - an uncursed scroll of enchant weapon
 Spellbooks  ('+')
  k - a blessed spellbook of force bolt
  l - an uncursed spellbook of slow monster
 Potions  ('!')
  p - an uncursed potion of full healing
  h - an uncursed potion of levitation
  f - an uncursed potion of paralysis
  g - an uncursed potion of water
 Rings    ('=')
  e - an uncursed +2 ring of adornment
  d - an uncursed ring of fire resistance
 Wands    ('/')
  o - a wand of cold (0:8)
  c - a wand of light (0:14)
 Tools    ('(')
  n - an uncursed blindfold
  m - a magic marker (0:22)

01245990302 the Wizard's attributes:

Background:
 You were a Conjurer, a level 4 male gnomish Wizard.
 You were neutral, on a mission for Thoth
 who was opposed by Ptah (lawful) and Anhur (chaotic).
 You were left-handed.
 You were in the Dungeons of Doom, on level 2.
 You entered the dungeon 946 turns ago.
 You had 133 experience points, 27 more were needed to attain level 5.

Basics:
 You had 0 out of 32 hit points.
 You had all 43 energy points (spell power).
 Your armor class was 9.
 Your wallet contained 5 zorkmids.
 Autopickup was off.

Final Characteristics:
 Your strength was 12 (base:13, limit:18/50).
 Your dexterity was 15 (limit:18).
 Your constitution was 12 (limit:18).
 Your intelligence was 19 (limit:19).
 Your wisdom was 9 (limit:18).
 Your charisma was 10 (limit:18).

Final Status:
 You were deaf.
 You were fainted due to starvation.
 You were unencumbered.
 You were wielding a quarterstaff.
 You had basic skill with quarterstaff.

Final Attributes:
 You were fervently aligned.
 You were magic-protected.
 You had infravision.
 You were warded.
 You are dead.

Miscellaneous:
 You didn't encounter any bones levels.
 Total elapsed playing time was 11 minutes and 36 seconds.

Major events:
 Turn
    1: 01245990302 the neutral male gnomish Wizard entered the dungeon
  298: attained the rank of Conjurer (level 3)
  946: killed by a goblin, while fainted from lack of food

Spells:
 Name                 Level Category     Fail Retention
 force bolt             1   attack         0%  91%-100%
 slow monster           2   enchantment    0%  91%-100%

Skills:
 Fighting Skills
   bare handed combat [Unskilled]
   riding             [Unskilled]
 Weapon Skills
   dagger             [Unskilled]
   knife              [Unskilled]
   axe                [Unskilled]
   short sword        [Unskilled]
   club               [Unskilled]
   mace               [Unskilled]
   quarterstaff       [Basic]
   polearms           [Unskilled]
   spear              [Unskilled]
   trident            [Unskilled]
   sling              [Unskilled]
   dart               [Unskilled]
   shuriken           [Unskilled]
 Spellcasting Skills
   attack spells      [Basic]
   healing spells     [Unskilled]
   divination spells  [Unskilled]
   enchantment spells [Basic]
   clerical spells    [Unskilled]
   escape spells      [Unskilled]
   matter spells      [Unskilled]

Voluntary challenges:
 Character rerolling was not enabled.
 You were an atheist.
 You were illiterate.
 You never genocided any monsters.
 You never polymorphed an object.
 You never changed form.
 You used no wishes.
Achievement:
 You attained the rank of Conjurer.

 The Dungeons of Doom: levels 1 to 2
    Level 1:
    Level 2: <- You were here.
       Final resting place for
          you, killed by a goblin, while fainted from lack of food.


Vanquished creatures:
  6 fog clouds
  a homunculus
 an iguana
  3 giant rats
  a cave spider
  a gnome zombie
  2 geckos
  3 jackals
  a fox
  2 sewer rats
  2 grid bugs
  a lichen
  4 newts
28 creatures vanquished.

No species were genocided or became extinct.

Game over:
                       ----------
                      /          \
                     /    REST    \
                    /      IN      \
                   /     PEACE      \
                  /                  \
                  |   01245990302    |
                  |       5 Au       |
                  |   killed by a    |
                  |      goblin      |
                  |                  |
                  |                  |
                  |       2026       |
                 *|     *  *  *      | *
        _________)/\\_//(\/(/\)/\//\/|_)_______

Goodbye 01245990302 the Wizard...

You died in The Dungeons of Doom on dungeon level 2 with 587 points,
and 5 pieces of gold, after 946 moves.
You were level 4 with a maximum of 32 hit points when you died.

